 Dungeon Crawl Stone Soup version 0.26-a0-651-gb41185065b (webtiles) character file.

Game seed: 6948195145952401937

85 Lanoc the Ducker (level 4, -4/34 HPs)
             Began as a Vampire Wanderer on Oct 29, 2020.
             Killed by divine providence
             ... invoked by an orc priest
              (17 damage)
             ... on level 3 of the Dungeon.
             The game lasted 00:02:18 (1489 turns).

Lanoc the Ducker (Vampire Wanderer)                 Turns: 1489, Time: 00:02:19

Health: -4/34      AC:  8    Str: 13    XL:     4   Next: 25%
Magic:  4/4        EV: 10    Int: 14    God:
Gold:   92         SH:  0    Dex: 12    Spells: 3/3 levels left

rFire    . . .     SeeInvis +   b - +0 dagger
rCold    . . .     Faith    .   (no shield)
rNeg     . . .     Spirit   .   c - +2 scale mail
rPois    .         Reflect  .   (no helmet)
rElec    .         Harm     .   (no cloak)
rCorr    .         Rampage  .   (no gloves)
MR       .....                  (no boots)
Stlth    ..........             l - amulet of inaccuracy (curse)
HPRegen  0.31/turn              (no ring)
MPRegen  0.09/turn              (no ring)

@: regenerating quickly
A: fangs 3, see invisible, unbreathing
a: Exsanguinate


You were on level 3 of the Dungeon.
You visited 1 branch of the dungeon, and saw 4 of its levels.

You collected 92 gold pieces.

Inventory:

Hand Weapons
 a - a +0 hand crossbow
 b - a +0 dagger (weapon)
Missiles
 d - 11 bolts
Armour
 c - a +2 scale mail (worn)
Jewellery
 l - a cursed amulet of inaccuracy (around neck)
Scrolls
 k - a scroll of identify
Potions
 f - a potion of haste
 g - 3 potions of curing
 i - a potion of brilliance


   Skills:
 + Level 2.7 Fighting
   Level 1.7 Axes
 - Level 1.5 Crossbows
 - Level 1.0 Throwing
 - Level 2.4 Armour
 + Level 2.9 Dodging
   Level 1.0 Evocations


You had 3 spell levels left.
You didn't know any spells.
Your spell library was empty.

Dungeon Overview and Level Annotations

Branches:
Dungeon (4/15)
 Temple: D:4-7

Altars:

Annotations:
D:3 3 runed translucent doors, grimjagger06's ghost, amateur OpWz
D:4 Pikel


Innate Abilities, Weirdness & Mutations

Your natural rate of healing is unusually fast.
You have razor-sharp teeth.
You have supernaturally acute eyesight. (SInv)
You can survive without breathing.


Message History

The orc priest is severely wounded.
The orc priest hits you but does no damage.
The orc closely misses you.
You hit the orc priest.
The orc priest is severely wounded.
The orc priest completely misses you. The orc closely misses you.
The orc priest hits you but does no damage.
You closely miss the orc priest.
The orc priest is severely wounded.
The orc priest completely misses you. The orc hits you but does no damage.
You closely miss the orc priest.
The orc priest is severely wounded.
The orc priest hits you but does no damage.
You hit the orc priest.
The orc priest is severely wounded.
The orc closely misses you.
The orc priest invokes the aid of Beogh against you.
Beogh smites you!
Ouch! That really hurt!
You die...

....# #.#.# #.#.............<
#######.#.# ####........###.....
........#.# #..........## ##...#
#########.# #.##.##.#### ##.##
#.# #.##.##..## #.# #.#
#.##.##...## #.# ##.##
#.##.......# ##'##
##...###.#####...## ##...# #
#####.....##.o@o....## ##.....
###.........########..# ##.>....
.##.#.......#######...####.......
.'.......................'.......
.##.#...#########.....####.......
###........# #.##.## ##...... #
#........# #.#### ##.....
#........# #.# ##...# #........#
#.# ##'##


You could see an orc priest and an orc.

Vanquished Creatures
  An orc wizard (D:3)
  2 adders
  A worm (D:3)
  A dart slug (D:2)
  3 orcs (D:3)
  2 goblins (D:1)
  3 hobgoblins
  2 quokkas
  2 ball pythons (D:3)
  6 bats
  3 frilled lizards
  5 kobolds
  2 rats
33 creatures vanquished.

Notes
Turn   | Place    | Note
-------+----------+-------------------------------------------
     0 | D:1      | Lanoc the Vampire Wanderer began the quest for the Orb.
     0 | D:1      | Lanoc set off with the following items: a +0 hand crossbow,
                  | a potion of curing, a +2 scale mail, 25 bolts
     0 | D:1      | Reached XP level 1. HP: 15/15 MP: 1/1
   201 | D:1      | Reached skill level 1 in Dodging
   224 | D:2      | Reached XP level 2. HP: 19/21 MP: 2/2
   423 | D:2      | Reached XP level 3. HP: 27/27 MP: 3/3
   483 | D:3      | Found a runed translucent gate.
   483 | D:3      | Found a runed translucent gate.
   483 | D:3      | Found a runed translucent gate.
   808 | D:3      | Noticed grimjagger06's ghost (amateur OpWz)
  1032 | D:3      | Reached XP level 4. HP: 32/34 MP: 4/4
  1473 | D:4      | Noticed Pikel
  1473 | D:4      | Noticed a lemure
  1473 | D:4      | Noticed a lemure
  1473 | D:4      | Noticed a lemure
  1473 | D:4      | Noticed a lemure
  1489 | D:3      | Killed from afar by an orc priest

Illustrated notes

Levels and vault maps discovered:
D:1:      dpeg_arrival_lava_altar, layout_loops_cross
D:2:      layout_basic, uniq_sigmund
D:3:      layout_loops_corners, gammafunk_ghost_icy
D:4:      layout_rooms, corexii_shack, yredelemnul_altar_generic, uniq_pikel,
          uniq_crazy_yiuf_cottage, uniq_eustachio

Skill      XL: |  1  2 |
---------------+-------+-----
Dodging        | 1 2 |  2.9
Fighting       | 2 |  2.7
Axes           | |  1.7
Crossbows      | |  1.5
Throwing       | |  1.0
Armour         | |  2.4
Evocations     | |  1.0

Action                   |  1- 3 |  4- 6 || total
-------------------------+-------+-------++-------
Melee: Dagger            |    36 |    50 ||    86
       Bite              |     8 |     3 ||    11
 Fire: Hand crossbow     |    74 |     7 ||    81
  Use: Scroll            |     5 |       ||     5
Armor: Scale mail        |    43 |    25 ||    68
Dodge: Dodged            |    48 |    26 ||    74

Table legend: (Time is in decaauts)
 A = Elapsed time spent in this place.
 B = Non-inter-level travel time spent in this place.
 C = Inter-level travel time spent in this place.
 D = Time resting spent in this place.
 E = Time spent auto-exploring this place.
 F = Levels seen in this place.
 G = Mean time per level.
                   A        B        C        D        E       F      G
               +--------+--------+--------+--------+--------+-----+--------+
         Total |   1520 |   1475 |     45 |      0 |   1159 |   4 |  380.0 |
       Dungeon |   1520 |   1475 |     45 |      0 |   1159 |   4 |  380.0 |
               +--------+--------+--------+--------+--------+-----+--------+

Top non-repeatable levels by time:
     D:3: 1035 daAuts
     D:2: 264 daAuts
     D:1: 217 daAuts
     D:4: 2 daAuts
